 Dungeon Crawl Stone Soup version 0.31-a0-846-gb3bcc0d938 (webtiles) character file.

Game seed: 14173391907514893052

123 wildpjah the Trooper (level 4, -1/41 HPs)
             Began as a Minotaur Fighter on Oct 3, 2023.
             Was a Believer of Qazlal.
             Slain by a gnoll
             ... wielding a +0 club
              (7 damage)
             ... on level 3 of the Dungeon.
             The game lasted 00:03:17 (1588 turns).

wildpjah the Trooper (Minotaur Fighter)             Turns: 1588, Time: 00:03:19

Health: -1/41      AC:  7    Str: 22    XL:     4   Next: 79%
Magic:  3/3        EV:  9    Int:  5    God:    Qazlal [**....]
Gold:   50         SH:  7    Dex: 10    Spells: 3/3 levels left

rFire   . . .        a - +0 war axe
rCold   . . .        c - +0 buckler
rNeg    . . .        b - +0 scale mail
rPois   .            (helmet restricted)
rElec   .            (no cloak)
rCorr   .            (no gloves)
SInv    .            (no boots)
Will    .....        h - amulet of magic regeneration Stlth
                     (no ring)
HPRegen 0.26/turn    (no ring)
MPRegen 0.48/turn

%: no passive effects
@: no status effects
A: horns 2, retaliatory headbutt
a: Renounce Religion, Upheaval


You were on level 3 of the Dungeon.
You worshipped Qazlal.
Qazlal was pleased with you.
You visited 1 branch of the dungeon, and saw 3 of its levels.

You collected 50 gold pieces.

Inventory:

Hand Weapons
 a - a +0 war axe (weapon)
Missiles
 j - 2 atropa-tipped darts
Armour
 b - a +0 scale mail (worn)
 c - a +0 buckler (worn)
Jewellery
 h - an amulet of magic regeneration (around neck)
Scrolls
 g - 2 scrolls of revelation {unknown}
 k - a scroll of identify {unknown}
 l - a scroll of silence {unknown}
Potions
 d - 2 potions of might
 e - a potion of curing {unknown}
 f - a potion of lignification {unknown}
 i - a potion of haste {unknown}
 m - a potion of enlightenment {unknown}
 n - a potion of degeneration {unknown}
 o - a potion of magic {unknown}


   Skills:
 + Level 4.7 Fighting
 + Level 3.6 Axes
 + Level 4.5 Armour
 + Level 0.4 Dodging
 + Level 4.3 Shields


You had 3 spell levels left.
You didn't know any spells.
Your spell library contained the following spells:

 Spells                   Type           Power      Damage    Failure   Level
 Apportation              Tloc           0%         N/A       86%         1
 Necrotise                Necr           0%         1d4       86%         1
 Summon Small Mammal      Summ           0%         N/A       86%         1
 Manifold Assault         Tloc           0%         N/A       100%        4
 Dispersal                Tloc           0%         N/A       100%        6
 Disjunction              Tloc           0%         N/A       100%        8


Dungeon Overview and Level Annotations

Branches:
Dungeon (3/15)

Altars:
Qazlal

Annotations:
D:3 Ijyb


Innate Abilities, Weirdness & Mutations

You have a pair of horns on your head.
You reflexively headbutt those who attack you in melee.


Message History

The gnoll hits you from afar with a +0 spear!
The orc hits you but does no damage. The orc hits you with a +0 whip.
You hear some strange, mumbled words.
A magic dart appears from out of thin air!
The magic dart hits you.
You're too confused to move!
Qazlal accepts your kill.
Reactivating autopickup.
You feel a bit more experienced. The orc hits you but does no damage.
Ijyb hits you with a +0 dagger.
You closely miss Ijyb. You headbutt Ijyb!
Ijyb is heavily wounded.
You slash the orc!
You kill the orc!
Qazlal accepts your kill.
You closely miss the gnoll. The gnoll misses you.
The gnoll hits you with a +0 club.
* * * LOW HITPOINT WARNING * * *
Ijyb barely misses you.
You hit the gnoll but do no damage. You miss Ijyb.
You hear a shout!
A gnoll comes into view. It is wielding a +0 spear.
The gnoll hits you from afar with a +0 spear.
* * * LOW HITPOINT WARNING * * *
Ijyb hits you but does no damage.
The gnoll hits you from afar with a +0 spear.
* * * LOW HITPOINT WARNING * * *
You don't know any spells.
Okay, then.
Found a leather armour.
Found a stone staircase leading up.
You feel less confused. You block the gnoll's attack.
You hit Ijyb. Your headbutt misses Ijyb.
Ijyb is severely wounded.
You hit the gnoll. The gnoll hits you with a +0 club.
* * * LOW HITPOINT WARNING * * *
Ijyb hits you with a +0 dagger.
* * * LOW HITPOINT WARNING * * *
The gnoll hits you but does no damage. The gnoll hits you with a +0 club!
You die...

.<# ..# #.# #
#####.#.#
..##.#.#
#.##.#.####.
#.##>.......
#...@).#....
#<.gg)......
#...ยง.g)....##
######g#......
#.#.#....
#.#[#.#.# .#. .
. . # # # .


You could see Ijyb and 3 gnolls.

Vanquished Creatures
  Terence (D:3)
  An orc wizard (D:3)
  2 dart slugs
  2 orcs (D:3)
  10 ball pythons
  2 bats (D:1)
  7 endoplasms
  5 goblins
  7 hobgoblins
  8 jackals
  2 quokkas
  3 frilled lizards (D:1)
  6 kobolds
  5 rats (D:1)
61 creatures vanquished.

Notes
Turn   | Place    | Note
-------+----------+-------------------------------------------
     0 | D:1      | wildpjah the Minotaur Fighter began the quest for the Orb.
     0 | D:1      | Reached XP level 1. HP: 19/19 MP: 0/0
    26 | D:1      | Reached XP level 2. HP: 21/27 MP: 1/1
    78 | D:1      | Found a faded altar of an unknown god.
   151 | D:1      | Prayed at the altar of an unknown god.
   151 | D:1      | Became a worshipper of Qazlal Stormbringer
   151 | D:1      | Reached * piety under Qazlal
   294 | D:1      | Reached XP level 3. HP: 33/33 MP: 2/2
   871 | D:1      | Reached ** piety under Qazlal
  1385 | D:2      | Reached XP level 4. HP: 41/41 MP: 3/3
  1575 | D:3      | Noticed Terence
  1581 | D:3      | Noticed Ijyb
  1582 | D:3      | Killed Terence
  1588 | D:3      | Slain by a gnoll

Illustrated notes

Levels and vault maps discovered:
D:1:      matt_arrival_grand_opening, layout_basic,
          chequers_ecumenical_altar_island, minmay_crystal_water
D:2:      layout_basic, minmay_misc_feat_x, minivault_24
D:3:      layout_basic, mainiacjoe_overflow_24_doors, uniq_terence, uniq_ijyb

Skill      XL: |  1  2  3  4 |
---------------+-------------+-----
Armour         | 4 |  4.5
Fighting       | 4 |  4.7
Shields        | 4 |  4.3
Axes           | 3 |  3.6
Dodging        | |  0.4

Action                     |  1- 3 |  4- 6 || total
---------------------------+-------+-------++-------
  Melee: War axe           |    86 |    12 ||    98
         Headbutt          |     7 |     3 ||    10
 Armour: Scale mail        |    62 |    20 ||    82
  Dodge: Dodged            |    38 |     8 ||    46
  Block: Buckler           |    40 |     8 ||    48

Table legend: (Time is in decaauts)
 A = Elapsed time spent in this place.
 B = Non-inter-level travel time spent in this place.
 C = Inter-level travel time spent in this place.
 D = Time resting spent in this place.
 E = Time spent auto-exploring this place.
 F = Levels seen in this place.
 G = Mean time per level.
                   A        B        C        D        E       F      G
               +--------+--------+--------+--------+--------+-----+--------+
         Total |   1636 |   1587 |     49 |      0 |   1268 |   3 |  545.3 |
       Dungeon |   1636 |   1587 |     49 |      0 |   1268 |   3 |  545.3 |
               +--------+--------+--------+--------+--------+-----+--------+

Top non-repeatable levels by time:
     D:1: 1040 daAuts
     D:2: 579 daAuts
     D:3: 16 daAuts
